 Dungeon Crawl Stone Soup version 0.28-a0-794-gafe8c5f9e9 (webtiles) character file.

Game seed: 9081259228026519718

21 siradein the Slasher (level 2, -3/40 HPs)
             Began as a Minotaur Berserker on Nov 5, 2021.
             Was a Follower of Trog.
             Slain by a goblin (6 damage)
             ... led by Robin
             ... on level 2 of the Dungeon.
             The game lasted 00:01:28 (559 turns).

siradein the Slasher (Minotaur Berserker)            Turns: 559, Time: 00:01:28

Health: -3/40      AC:  2    Str: 21    XL:     2   Next: 62%
Magic:  1/1        EV: 12    Int:  4    God:    Trog [*.....]
Gold:   0          SH:  0    Dex:  9    Spells: 1/1 levels left

rFire   . . .      SeeInvis .   a - +0 falchion
rCold   . . .      Faith    .   (no shield)
rNeg    . . .      Spirit   .   b - +0 animal skin
rPois   .          Reflect  .   (helmet restricted)
rElec   .          Harm     .   (no cloak)
rCorr   .          Rampage  .   (no gloves)
Will    .....                   (no boots)
Stlth   ..........              (no amulet)
HPRegen 0.13/turn               (no ring)
MPRegen 0.07/turn               (no ring)

@: berserking (expiring), very quick
A: horns 2, retaliatory headbutt
a: Renounce Religion, Berserk


You were on level 2 of the Dungeon.
You worshipped Trog.
Trog was aware of your devotion.
You visited 1 branch of the dungeon, and saw 2 of its levels.

Inventory:

Hand Weapons
 a - a +0 falchion (weapon)
Armour
 b - a +0 animal skin (worn)
Scrolls
 d - a scroll of identify {unknown}
Potions
 c - a potion of heal wounds {unknown}


   Skills:
 + Level 3.9 Fighting
 + Level 4.0 Long Blades
 + Level 2.9 Armour
 + Level 2.6 Dodging


You had one spell level left.
You didn't know any spells.
Your spell library was empty.

Dungeon Overview and Level Annotations

Branches:
Dungeon (1/15)

Altars:

Annotations:
D:2 Robin


Innate Abilities, Weirdness & Mutations

You have a pair of horns on your head.
You reflexively headbutt those who attack you in melee.


Message History

The goblin hits you with a +0 club. Robin throws the goblin at you!
The goblin hits you with a +0 dagger.
* * * LOW HITPOINT WARNING * * *
The goblin closely misses you. You furiously retaliate!
You headbutt the goblin.
You kill the goblin!
Trog accepts your kill.
A red film seems to cover your vision as you go berserk!
You feel yourself moving faster!
You feel mighty!
You barely miss the goblin. You headbutt the goblin.
You kill the goblin!
Trog accepts your kill.
Things that are here:
a +0 club; a goblin corpse You closely miss the goblin.
Your headbutt misses the goblin. The goblin hits you with a +0 dagger.
* * * LOW HITPOINT WARNING * * *
You slash the goblin!
You kill the goblin!
Trog accepts your kill.
Your Long Blades skill increases to level 4!
Robin roars a battlecry!
The goblins go into a battle-frenzy!
The goblin hits you with a +0 club.
* * * LOW HITPOINT WARNING * * *
Items here: )) ††.
You closely miss the goblin. Your headbutt misses the goblin.
The goblin barely misses you.
You slash the goblin!
You kill the goblin!
Trog accepts your kill.
You barely miss the goblin. Your headbutt misses the goblin.
The goblin hits you but does no damage.
You closely miss the goblin. Your headbutt misses the goblin.
Robin throws the goblin at you!
You hit the goblin.
The goblin is heavily wounded.
The goblin hits you with a +0 dagger.
You die...

..........g######
......†......g..####
..........g........######
............g..g........#
...............#.g.......
##########.....#gJ......#
##########.....#g#####...
#..............#g# .
#..............#@#
#...†..........#g#
#...#..........#.#
#...#.†........#.#
#.#.#.#...######.#
#.#.#.#...#......#
#.#.#.#...#.######
#)#.#.#...#.#
#.#.#.#...#.#


You could see Robin, an endoplasm and 5 goblins.

Vanquished Creatures
  A dart slug (D:1)
  3 endoplasms (D:2)
  A giant cockroach (D:2)
  6 goblins
  3 ball pythons (D:2)
  2 bats (D:2)
  A rat (D:2)
17 creatures vanquished.

Notes
Turn   | Place    | Note
-------+----------+-------------------------------------------
     0 | D:1      | siradein the Minotaur Berserker began the quest for the
                  | Orb.
     0 | D:1      | Reached XP level 1. HP: 19/19 MP: 0/0
   186 | D:1      | You fall into a shaft and drop 1 floor!
   352 | D:2      | Reached XP level 2. HP: 25/27 MP: 1/1
   511 | D:2      | Noticed Robin
   554 | D:2      | Reached skill level 4 in Long Blades
   554 | D:2      | HP: 2/40 [goblin[Robin] (5)]
   559 | D:2      | Slain by a goblin

Illustrated notes

Levels and vault maps discovered:
D:1:      amcnicky_arrival_gap_in_the_tavern_cellar, layout_rooms
D:2:      layout_basic, serial_co_window_serial, co_window_paths_b,
          co_window_paths_a, co_window_corner_a, co_window_of_opportunity_a,
          co_window_paths_a, co_window_of_opportunity_b, co_window_broadway_b,
          co_window_corner_b, co_window_4corner_b, co_window_paths_e, uniq_robin

Skill      XL: |  1  2 |
---------------+-------+-----
Long Blades    | 4 |  4.0
Fighting       | |  3.9
Armour         | |  2.9
Dodging        | |  2.6

Action                   || total
-------------------------++-------
Melee: Falchion          ||    36
       Headbutt          ||     5
Invok: Berserk           ||     1
Armor: Animal skin       ||    12
Dodge: Dodged            ||    16

Table legend: (Time is in decaauts)
 A = Elapsed time spent in this place.
 B = Non-inter-level travel time spent in this place.
 C = Inter-level travel time spent in this place.
 D = Time resting spent in this place.
 E = Time spent auto-exploring this place.
 F = Levels seen in this place.
 G = Mean time per level.
                   A        B        C        D        E       F      G
               +--------+--------+--------+--------+--------+-----+--------+
         Total |    559 |    559 |      0 |      0 |    439 |   2 |  279.5 |
       Dungeon |    559 |    559 |      0 |      0 |    439 |   2 |  279.5 |
               +--------+--------+--------+--------+--------+-----+--------+

Top non-repeatable levels by time:
     D:2: 372 daAuts
     D:1: 186 daAuts
